 Dungeon Crawl Stone Soup version 0.20.0-15-g7f486f2 (webtiles) character file.

375 NoAnimeNoLife the Archer (level 6, 0/48 HPs)
             Began as a Centaur Hunter on June 13, 2017.
             Was an Initiate of Okawaru.
             Slain by an orc
             ... wielding a +4 trident of protection
              (3 damage)
             ... on level 5 of the Dungeon.
             The game lasted 00:06:04 (4439 turns).

NoAnimeNoLife the Archer (Centaur Hunter)           Turns: 4439, Time: 00:06:04

Health: 0/48       AC: 11    Str: 18    XL:     6   Next: 44%
Magic:  6/6        EV:  3    Int: 10    God:    Okawaru [......]
Gold:   200        SH:  0    Dex: 12    Spells: 5/5 levels left

rFire    . . .     SeeInvis .   b - +0 short sword
rCold    . . .     Gourm    .   (no shield)
rNeg     . . .     Faith    +   d - +0 plate armour
rPois    .         Spirit   .   t - +2 helmet "Qaus" {Str+4}
rElec    .         Reflect  .   (no cloak)
rCorr    .         Harm     .   (no gloves)
MR       .....                  (no barding)
Stlth    ..........             n - amulet of faith
Regen    0.2/turn               (no ring)
MPRegen  0.1/turn               (no ring)

@: very quick
A: hooves 3, deformed body, speed 2, tough skin 3
a: Renounce Religion


You were on level 5 of the Dungeon.
You worshipped Okawaru.
Okawaru was noncommittal.
You were not hungry.

You visited 2 branches of the dungeon, and saw 6 of its levels.

You collected 200 gold pieces.

Inventory:

Hand Weapons
 a - a +1 shortbow
 b - a +0 short sword (weapon)
Missiles
 w - 8 arrows
Armour
 c - a +0 leather armour
 d - a +0 plate armour (worn)
 t - the +2 helmet "Qaus" (worn) {Str+4}
   (You took it off Robin on level 3 of the Dungeon)

   It affects your strength (+4).
Jewellery
 n - an amulet of faith (around neck)
Scrolls
 e - 6 scrolls of identify {unknown}
 h - a scroll of random uselessness {unknown}
 i - a scroll of enchant weapon {unknown}
 l - a scroll of fear {unknown}
 o - 4 scrolls of teleportation {unknown}
 q - 5 scrolls of remove curse {unknown}
 v - a scroll of blinking {unknown}
 y - a scroll of recharging {unknown}
 A - a scroll of noise {unknown}
Potions
 g - 2 potions of magic {unknown}
 j - a potion of cancellation {unknown}
 k - a potion of degeneration {unknown}
 m - a potion of heal wounds {unknown}
 s - 2 potions of curing {unknown}
 u - 5 potions of flight {unknown}
 x - a potion of mutation {unknown}
 z - 2 potions of lignification {unknown}
Comestibles
 f - 3 bread rations
 p - a royal jelly
 r - 2 meat rations
 B - 2 fruits


   Skills:
 - Level 2.0 Fighting
 + Level 10.2 Bows
 - Level 1.3 Dodging
 - Level 0.4 Stealth


You had 5 spell levels left.
You didn't know any spells.

Dungeon Overview and Level Annotations

Branches:
Dungeon (5/15)             Temple (1/1) D:4

Altars:
Ashenzari
Dithmenos
Elyvilon
Fedhas
Gozag
Kikubaaqudgha
Makhleb
Okawaru
Qazlal
Ru
Sif Muna
Trog
Xom
Yredelemnul
Zin


Innate Abilities, Weirdness & Mutations

You have hooves in place of feet.
Armour fits poorly on your strangely shaped body.
You cover ground very quickly.
You have extremely tough skin. (AC +3)


Message History

You closely miss the orc. Your kick misses the orc.
The orc is moderately wounded.
The orc hits you but does no damage.
You completely miss the orc. Your kick misses the orc.
The orc is moderately wounded.
The orc hits you with a trident of protection.
* * * LOW HITPOINT WARNING * * *
Your plate armour prevents you from hitting the orc.
The orc is moderately wounded.
The orc hits you with a trident of protection.
* * * LOW HITPOINT WARNING * * *
You hit the orc but do no damage. You kick the orc.
The orc is heavily wounded.
The orc hits you with a trident of protection.
* * * LOW HITPOINT WARNING * * *
Your plate armour prevents you from hitting the orc.
You kick the orc, but do no damage.
The orc is heavily wounded.
The orc hits you with a trident of protection.
You die...

##......## ...#.....##
..........##
...........###
.............###
...%.......#..<########
..<........###.........
........@o.))(.........
...........###.........
.........(## #.........
...#.....## #.........
.. #...### #......... .
#... #......... ....(
#......... #....
#######


You could see an orc.

Vanquished Creatures
  A bullfrog skeleton (D:4)
  2 orc wizards (D:4)
  Robin (D:3)
  4 gnolls (D:5)
  10 adders
  An ooze (D:2)
  An adder skeleton (D:4)
  2 worms
  A dart slug (D:1)
  4 leopard geckos
  12 orcs
  7 giant cockroaches
  9 hobgoblins
  11 jackals
  3 kobolds
  A quokka (D:2)
  A ball python (D:3)
  A ball python skeleton (D:4)
  9 bats
  5 frilled lizards
  20 goblins
  A quokka skeleton (D:4)
  11 rats
118 creatures vanquished.

Vanquished Creatures (others)
  An orc (D:3)
1 creature vanquished.

Grand Total: 119 creatures vanquished

Notes
Turn   | Place    | Note
-------+----------+-------------------------------------------
     0 | D:1      | NoAnimeNoLife the Centaur Hunter began the quest for the Orb.
     0 | D:1      | Reached XP level 1. HP: 17/17 MP: 1/1
    55 | D:1      | Reached XP level 2. HP: 10/24 MP: 2/2
   298 | D:1      | Reached skill level 6 in Bows
   744 | D:1      | Reached XP level 3. HP: 29/29 MP: 3/3
   993 | D:2      | Found a shadowy altar of Dithmenos.
   997 | D:2      | Reached skill level 7 in Bows
  1092 | D:2      | Reached XP level 4. HP: 36/36 MP: 4/4
  1937 | D:3      | Reached skill level 8 in Bows
  1961 | D:3      | Noticed Robin
  2370 | D:3      | Killed Robin
  2375 | D:3      | Got a spiked helmet
  2381 | D:3      | Identified the +2 helmet "Qaus" {Str+4} (You took it off Robin on level 3 of the Dungeon)
  2734 | D:3      | Reached XP level 5. HP: 28/41 MP: 5/5
  2820 | D:3      | Found a stormy altar of Qazlal.
  3398 | D:3      | Found a deep blue altar of Sif Muna.
  3665 | D:4      | Reached skill level 9 in Bows
  3792 | D:4      | Reached XP level 6. HP: 33/48 MP: 6/6
  3874 | D:4      | Found a staircase to the Ecumenical Temple.
  3905 | D:4      | Found a blossoming altar of Fedhas.
  3997 | Temple   | Entered the Ecumenical Temple
  4165 | Temple   | Became a worshipper of Warmaster Okawaru
  4373 | D:5      | Entered Level 5 of the Dungeon
  4389 | D:5      | Reached skill level 10 in Bows
  4438 | D:5      | HP: 2/48 [orc/trident of protection (3)]
  4439 | D:5      | Slain by an orc

Skill      XL: |  1  2  3  4  5  6 |
---------------+-------------------+-----
Bows           | 6 7 8 9 10 | 10.2
Fighting       | |  2.0
Dodging        | |  1.3
Stealth        | |  0.4

Action                   |  1- 3 |  4- 6 || total
-------------------------+-------+-------++-------
Melee: Short sword       |       |   246 ||   246
       Kick              |       |    61 ||    61
 Fire: Shortbow          |   105 |   116 ||   221
  Eat: Chunk             |       |     3 ||     3
       Royal jelly       |       |     1 ||     1
       Meat ration       |       |     1 ||     1
Armor: Leather armour    |    15 |    26 ||    41
       Plate armour      |       |   253 ||   253
Dodge: Dodged            |    15 |    84 ||    99
